 Dungeon Crawl Stone Soup version 0.21-a0-227-g58a7c62 (webtiles) character file.

160 tidbits the Insei (level 4, -3/34 HPs)
             Began as a Demigod Transmuter on Aug 30, 2017.
             Slain by an orc
             ... wielding a +2 flail of protection
              (8 damage)
             ... on level 2 of the Dungeon.
             The game lasted 00:12:00 (1267 turns).

tidbits the Insei (Demigod Transmuter)              Turns: 1267, Time: 00:12:00

Health: -3/34      AC:  2    Str: 13    XL:     4   Next: 96%
Magic:  4/9        EV: 19    Int: 19    God:
Gold:   110        SH:  0    Dex: 21    Spells: 1/7 levels left

rFire    . . .     SeeInvis .     - Unarmed
rCold    . . .     Gourm    .   (shield currently unavailable)
rNeg     . . .     Faith    .   (armour currently unavailable)
rPois    x         Spirit   .   (helmet currently unavailable)
rElec    .         Reflect  .   (cloak currently unavailable)
rCorr    .         Harm     .   (gloves currently unavailable)
MR       .....                  (boots currently unavailable)
Stlth    ++........             (no amulet)
HPRegen  0.11/turn              (no ring)
MPRegen  0.11/turn              (no ring)

@: spider-form
A: high mp 1
a: End Transformation


You were on level 2 of the Dungeon.
You were not hungry.
You were a venomous arachnid creature.
You visited 1 branch of the dungeon, and saw 3 of its levels.

You collected 110 gold pieces.

Inventory:

Hand Weapons
 j - a +0 hand axe
 q - a +0 hand axe
 w - a +3 hand axe
 y - a +0 hunting sling
Missiles
 a - 26 arrows
 p - 42 stones (quivered)
 u - 7 needles of sleeping
Armour
 f - a +0 leather armour
 m - a +0 ring mail
 n - +0 fire dragon scales
 B - a +0 robe (melded)
 F - a +2 pair of boots (melded)
Wands
 i - a wand of disintegration (7/24)
Scrolls
 g - a scroll of immolation {unknown}
 l - a scroll of remove curse {unknown}
 t - a scroll of magic mapping {unknown}
 x - 2 scrolls of teleportation
Potions
 e - 2 potions of brilliance
 h - a potion of flight {unknown}
 k - 2 potions of curing
 r - a potion of haste
 s - a potion of might
 z - a potion of agility {unknown}
Books
 c - a book of Changes

   Spells                             Type                      Level
   a - Beastly Appendage              Transmutation                1
   b - Sticks to Snakes               Transmutation                2
   c - Spider Form                    Transmutation/Poison         3
   d - Ice Form                       Ice/Transmutation            4
   e - Blade Hands                    Transmutation                5
Comestibles
 b - 2 meat rations
 d - a bread ration
 o - a royal jelly
 v - a fruit
 A - 4 chunks of flesh


   Skills:
 - Level 0.8 Fighting
 - Level 1.7 Dodging
 * Level 4.4 Unarmed Combat
 - Level 2.0 Spellcasting
 + Level 3.2 Transmutations


You had one spell level left.
You knew the following spells:

 Your Spells              Type           Power        Failure   Level  Hunger
e - Beastly Appendage     Tmut           ##....       13%         1    #......
k - Sticks to Snakes      Tmut           ##......     19%         2    ###....
p - Spider Form           Tmut/Pois      #.........   47%         3    ###....


Dungeon Overview and Level Annotations

Branches:
Dungeon (3/15)


Innate Abilities, Weirdness & Mutations

You have an increased reservoir of magic. (+10% MP)


Message History

The bat hits you but does no damage. The bat barely misses you.
You bite the bat!
You kill the bat!
i - a wand of disintegration (?/24) {zapped: 2}
Things that are here:
a dagger; a ring mail; the goblin corpse of Ijyb Your transformation has ended.
Your +2 pair of boots unmelds from your body.
Your +0 robe unmelds from your body.
Okay, then.
You butcher the goblin corpse of Ijyb.
A - 5 chunks of flesh (gained 2)
Things that are here:
a dagger; a ring mail You now have 101 gold pieces (gained 15).
You see here a bat corpse.
You now have 110 gold pieces (gained 9).
There is an escape hatch in the ceiling here.
Your magical contamination has completely faded away.
A mysterious force pulls you upwards. The hatch slams shut behind you.
Your extra speed is starting to run out.
A quokka comes into view.
The quokka barely misses you.
Casting: Sticks to Snakes
Confirm with . or Enter, or press ? or * to list all spells.
You create a snake!
You now have 27 arrows.
You feel yourself slow down.
Casting: Sticks to Snakes
Confirm with . or Enter, or press ? or * to list all spells.
You don't have enough magic to cast that spell.
Casting: Sticks to Snakes
Confirm with . or Enter, or press ? or * to list all spells.
You don't have enough magic to cast that spell.
Evoke which item? (* to show all) (? for menu, Esc to quit)
Aiming: Disintegrate (will waste charges)
Press: ? - help, Shift-Dir - straight line, f - quokka
Aim: a quokka (chance to defeat MR: 80%)
The quokka is blasted.
You blow up the quokka!
Evoking this partially-identified wand wasted a few charges.
As you read the scroll labeled WOKAIPH VONIDA, it crumbles to dust.
You feel strangely unstable.
It was a scroll of teleportation.
Your surroundings suddenly seem different.
You are feeling hungry.
You feel a little less mighty now.
Your ball python withers and dies!
Eat one of 5 chunks of flesh? (ye/n/q)
You eat one of the 5 chunks of flesh.
This raw flesh tastes terrible.
There is a stone staircase leading down here.
There is an escape hatch in the ceiling here.
A mysterious force pulls you upwards. The hatch slams shut behind you.
Magic restored.
There is a stone staircase leading down here.
You climb downwards.
There is a stone staircase leading up here.
You see here a jackal skeleton.
Things that are here:
a whip; a kobold skeleton
There is a stone staircase leading down here.
You climb downwards. 3 orcs come into view.
An orc is wielding a flail of protection.
The orc shouts! x2; You hear a shout!
An orc comes into view. It is wielding a whip.
There is a stone staircase leading up here.
The orc shouts!
The orc completely misses you.
The orc moves out of view.
The orc hits you with a flail of protection.
* * * LOW HITPOINT WARNING * * *
You climb upwards.
There is a stone staircase leading down here.
The orc barely misses you.
Casting: Sticks to Snakes
Confirm with . or Enter, or press ? or * to list all spells.
You create a snake!
You now have 26 arrows.
You swap places.
The orc closely misses your ball python.
Your ball python barely misses the orc. x2
Casting: Sticks to Snakes
Confirm with . or Enter, or press ? or * to list all spells.
You turn into a venomous arachnid creature.
Your +2 pair of boots melds into your body.
Your +0 robe melds into your body.
Your ball python bites the orc.
Your ball python grabs the orc.
Your ball python constricts the orc.
The orc hits you with a mace.
* * * LOW HITPOINT WARNING * * *
The orc hits your ball python with a flail of protection!
Your ball python dies!
Unknown command.
You closely miss the orc.
The orc is moderately wounded.
You bite the orc!
You kill the orc!
You hit the orc.
The orc is lightly wounded.
The orc barely misses you.
You barely miss the orc.
The orc is lightly wounded.
The orc hits you with a flail of protection!
You die...

######## ###########
##.....#. #.........#
##........ #.........#
#......... #.........#
#.........
#.........######.(.......
#............#..(.÷......
#.......)o##..÷).........
#.......s.####...>.......
#.........# #.##.......÷
#.........# #...#.......
#.........# ###.......##
##.####.############.....
#..#...####......##.....
#..#.#..<##......##.....
#.........#......###.#.#
##.#.###...#......#...#..


You could see an orc.

Vanquished Creatures
  An orc priest (D:3)
  Ijyb (D:3)
  2 adders (D:2)
  An ooze (D:1)
  2 dart slugs (D:1)
  A worm (D:2)
  A leopard gecko (D:1)
  4 orcs
  A ball python (D:2)
  7 bats
  2 giant cockroaches
  4 goblins
  5 hobgoblins
  7 jackals
  A quokka (D:2)
  6 frilled lizards
  6 kobolds
  4 rats
56 creatures vanquished.

Vanquished Creatures (collateral kills)
  2 adders (D:2)
  A jackal (D:1)
  2 goblins (D:2)
  A kobold (D:2)
6 creatures vanquished.

Grand Total: 62 creatures vanquished

Notes
Turn   | Place    | Note
-------+----------+-------------------------------------------
     0 | D:1      | tidbits the Demigod Transmuter began the quest for the Orb.
     0 | D:1      | Reached XP level 1. HP: 15/15 MP: 5/5
    87 | D:1      | Reached skill level 2 in Spellcasting
   161 | D:2      | Reached skill level 3 in Unarmed Combat
   161 | D:2      | Reached skill level 2 in Transmutations
   161 | D:2      | Reached XP level 2. HP: 22/22 MP: 5/7
   166 | D:2      | Learned a level 2 spell: Sticks to Snakes
   271 | D:2      | Found a shattered altar of Ashenzari.
   426 | D:1      | Reached XP level 3. HP: 12/27 MP: 5/8
   452 | D:1      | Learned a level 3 spell: Spider Form
   994 | D:2      | Reached XP level 4. HP: 34/34 MP: 1/9
  1000 | D:2      | Reached skill level 3 in Transmutations
  1090 | D:3      | Reached skill level 4 in Unarmed Combat
  1117 | D:3      | Noticed Ijyb
  1127 | D:3      | HP: 2/34 [disintegration (14)]
  1129 | D:3      | Killed Ijyb
  1267 | D:2      | Slain by an orc

Vault maps used:
D:1:      sevenhm_arrival_forest_fort_large_4
D:2:      minmay_misc_feat_pillars, evilmike_ruin_ashenzari
D:3:      marbit_many_paths, lemuel_doored_altar, uniq_robin, uniq_ijyb

Skill      XL: |  1  2  3  4 |
---------------+-------------+-----
Spellcasting   | 2 |  2.0
Unarmed Combat | 3 4 |  4.4
Transmutations | 2 3 |  3.2
Fighting       | |  0.8
Dodging        | |  1.7

Action                   |  1- 3 |  4- 6 || total
-------------------------+-------+-------++-------
Melee: Unarmed           |   110 |    30 ||   140
       Headbutt          |    13 |       ||    13
       Kick              |     1 |       ||     1
       Punch             |     1 |       ||     1
 Cast: Beastly Appendage |    19 |       ||    19
       Sticks to Snakes  |     7 |     2 ||     9
       Spider Form       |     7 |     4 ||    11
Evoke: Wand              |       |     1 ||     1
  Use: Scroll            |     1 |     4 ||     5
       Potion            |       |     4 ||     4
 Stab: Sleeping          |     4 |     1 ||     5
  Eat: Chunk             |     2 |     2 ||     4
Armor: Robe              |    10 |     1 ||    11
       Ring mail         |    24 |       ||    24
       Skin              |     1 |     2 ||     3
Dodge: Dodged            |    80 |    32 ||   112

Table legend:
 A = Spawn XP
 B = Non-spawn XP
 C = Spawn XP percentage of total XP
 D = Spawn monster count
 E = Non-spawn monster count
 F = Spawn count percentage of total count
 G = Total turns spent on level
                    A         B        C        D         E        F      G
               +---------+---------+-------+---------+---------+-------+---------
         Total |       3 |     226 |   1.3 |       2 |      60 |   3.2 |  1267
               +---------+---------+-------+---------+---------+-------+---------
           D:1 |       1 |      48 |   2.0 |       1 |      25 |   3.8 |   681
           D:2 |       2 |      86 |   2.3 |       1 |      27 |   3.6 |   497
           D:3 |       0 |      92 |   0.0 |       0 |       8 |   0.0 |    89
               +---------+---------+-------+---------+---------+-------+---------

Table legend:
 A = Turns spent in this place as a percentage of turns spent in the entire game.
 B = Non-inter-level travel turns spent in this place as a percentage of non-inter-level travel turns spent in the entire game.
 C = Inter-level travel turns spent in this place as a percentage of turns spent in this place.
 D = Turns resting spent in this place as a percentage of non-inter-level travel turns spent in this place.
 E = Turns spent auto-exploring this place as a percentage of non-inter-level travel turns spent in this place.
 F = Non-inter-level travel turns spent in this place divided by the number of levels of this place that you've seen.
                   A       B       C       D       E      F
               +-------+-------+-------+-------+-------+----------------------
         Total | 100.0 | 100.0 |   3.8 |   0.0 |   0.0 | 406.3
       Dungeon | 100.0 | 100.0 |   3.8 |   0.0 |   0.0 | 406.3
               +-------+-------+-------+-------+-------+----------------------

Table legend:
 A = Kills in this place as a percentage of kills in entire the game.
 B = Kills by you in this place as a percentage of kills by you in the entire game.
 C = Kills by friends in this place as a percentage of kills by friends in the entire game.
 D = Other kills in this place as a percentage of other kills in the entire game.
 E = Experience gained in this place as a percentage of experience gained in the entire game.
 F = Experience gained in this place divided by the number of levels of this place that you have seen.
                   A       B       C       D       E      F
               +-------+-------+-------+-------+-------+----------------------
         Total | 100.0 | 100.0 | 100.0 |   N/A | 100.0 |  76.3
       Dungeon | 100.0 | 100.0 | 100.0 |   N/A | 100.0 |  76.3
               +-------+-------+-------+-------+-------+----------------------

Vault maps used:
D:1:      sevenhm_arrival_forest_fort_large_4
D:2:      minmay_misc_feat_pillars, evilmike_ruin_ashenzari
D:3:      marbit_many_paths, lemuel_doored_altar, uniq_robin, uniq_ijyb
